 Dungeon Crawl Stone Soup version 0.29-a0-234-g0dae59b3db (webtiles) character file.

Game seed: 9141561117855650083

37 lunkers the Digger (level 3, -4/24 HPs)
             Began as a Vampire Earth Elementalist on Mar 2, 2022.
             Slain by an ogre
             ... wielding a +0 giant spiked club
              (28 damage)
             ... on level 2 of the Dungeon.
             The game lasted 00:02:04 (1145 turns).

lunkers the Digger (Vampire Earth Elementalist)     Turns: 1145, Time: 00:02:05

Health: -4/24      AC:  2    Str:  7    XL:     3   Next: 21%
Magic:  3/6        EV: 12    Int: 19    God:
Gold:   94         SH:  0    Dex: 14    Spells: 6/7 levels left

rFire   . . .      SeeInvis +   (no weapon)
rCold   . . .      Faith    .   (no shield)
rNeg    . . .      Spirit   .   b - +0 robe
rPois   .          Reflect  .   (no helmet)
rElec   .          Harm     .   (no cloak)
rCorr   .          Rampage  .   (no gloves)
Will    .....                   (no boots)
Stlth   ++........              (no amulet)
HPRegen 0.28/turn               (no ring)
MPRegen 0.10/turn               (no ring)

@: healing quickly
A: alive, fangs 3, see invisible, vampiric 2
a: Exsanguinate


You were on level 2 of the Dungeon.
You visited 1 branch of the dungeon, and saw 2 of its levels.

You collected 94 gold pieces.

Inventory:

Missiles
 a - 65 stones
Armour
 b - a +0 robe (worn)
Magical Staves
 g - a staff of fire
Scrolls
 c - 4 scrolls of blinking {unknown}
 d - a scroll of teleportation {unknown}
Potions
 e - a potion of experience {unknown}
 f - a potion of heal wounds {unknown}


   Skills:
 - Level 2.1 Dodging
 - Level 3.0 Stealth
 + Level 2.5 Spellcasting
 - Level 1.1 Transmutations
 * Level 4.0 Earth Magic


You had 6 spell levels left.
You knew the following spells:

 Your Spells              Type           Power      Damage    Failure   Level
a - Sandblast             Erth           34%        2d9       3%          1

Your spell library contained the following spells:

 Spells                   Type           Power      Damage    Failure   Level
 Passwall                 Tmut/Erth      10%        N/A       9%          2
 Animate Skeleton         Necr           4%         N/A       16%         1
 Pain                     Necr           8%         1d4       16%         1
 Stone Arrow              Conj/Erth      20%        3d8       22%         3
 Vampiric Draining        Necr           2%         2d6       43%         3
 Petrify                  Tmut/Erth      12%        N/A       50%         4


Dungeon Overview and Level Annotations

Branches:
Dungeon (2/15)

Altars:


Innate Abilities, Weirdness & Mutations

Your natural rate of healing is accelerated.
You have razor-sharp teeth.
You have supernaturally acute eyesight. (SInv)
You are afflicted with vampirism and can become a bat while bloodless.


Message History

The blast of sand hits the hobgoblin!
You kill the hobgoblin!
An adder is nearby!
An adder is nearby!
An adder is nearby!
You see here a hobgoblin corpse.
Casting: Sandblast (safe; 3% risk of failure)
Confirm with . or Enter, or press ? or * to list all spells.
The blast of sand hits the adder.
The adder is moderately wounded.
The adder misses you.
Casting: Sandblast (safe; 3% risk of failure)
Confirm with . or Enter, or press ? or * to list all spells.
The blast of sand hits the adder!
You kill the adder!
Your Earth Magic skill increases to level 4!
You have reached level 3!
Your experience leads to an increase in your attributes!
Increase (S)trength, (I)ntelligence, or (D)exterity?
You feel clever. x2
You can now turn into a vampire bat when bloodless.
An ogre comes into view. It is wielding a +0 giant spiked club.
The ogre shouts!
An ogre is nearby!
An ogre is nearby!
Casting: Sandblast (safe; 3% risk of failure)
Confirm with . or Enter, or press ? or * to list all spells.
The blast of sand hits the ogre.
The ogre is lightly wounded.
Casting: Sandblast (safe; 3% risk of failure)
Confirm with . or Enter, or press ? or * to list all spells.
The blast of sand hits the ogre!
The ogre is heavily wounded.
The ogre barely misses you.
Casting: Sandblast (safe; 3% risk of failure)
Confirm with . or Enter, or press ? or * to list all spells.
The blast of sand misses the ogre.
The ogre hits you with a +0 giant spiked club!!
Ouch! That really hurt!
You die...

##...# ##...#..#
...####.## .###..#..#
##....##.## .#.....#..#
.##....##.##
.....###...#
#.####O@.#.#
#..#...###.#
##...###...## .#
#.###...#..# .#
#####...####.# ..
###.#..†#.#..#..# #.
###...##.##....##.#
#.###...#..#..#.....#..#
#.#...####.##†##....##.#


You could see an ogre.

Vanquished Creatures
  2 adders
  A worm (D:2)
  A ball python (D:2)
  A giant cockroach (D:2)
  3 hobgoblins
  A kobold (D:2)
  2 quokkas (D:2)
  4 bats
  A frilled lizard (D:1)
  A rat (D:2)
17 creatures vanquished.

Vanquished Creatures (others)
  5 plants (D:2)
5 creatures vanquished.

Grand Total: 22 creatures vanquished

Notes
Turn   | Place    | Note
-------+----------+-------------------------------------------
     0 | D:1      | lunkers the Vampire Earth Elementalist began the quest for
                  | the Orb.
     0 | D:1      | Reached XP level 1. HP: 13/13 MP: 3/3
   484 | D:1      | Found a faded altar of an unknown god.
   838 | D:2      | Reached XP level 2. HP: 19/19 MP: 0/5
  1097 | D:2      | Reached skill level 4 in Earth Magic
  1097 | D:2      | Gained mutation: You are afflicted with vampirism and can
                  | become a bat while bloodless. [Vampire growth]
  1097 | D:2      | Reached XP level 3. HP: 24/24 MP: 2/6
  1140 | D:2      | Noticed an ogre
  1145 | D:2      | Slain by an ogre

Illustrated notes

Levels and vault maps discovered:
D:1:      minmay_arrival_stone_box, layout_basic,
          shapermc_ecumenical_altar_flowoftime
D:2:      minmay_skewed_foursquare, layout_basic, st_stairs_3,
          guppyfry_early_lair_pool

Skill      XL: |  1  2 |
---------------+-------+-----
Earth Magic    | 4 |  4.0
Dodging        | |  2.1
Stealth        | |  3.0
Spellcasting   | |  2.5
Transmutations | |  1.1

Action                   || total
-------------------------++-------
Melee: Unarmed           ||    15
       Punch             ||     2
       Bite              ||     1
 Cast: Sandblast         ||    30
Armor: Robe              ||     8
Dodge: Dodged            ||    37

Table legend: (Time is in decaauts)
 A = Elapsed time spent in this place.
 B = Non-inter-level travel time spent in this place.
 C = Inter-level travel time spent in this place.
 D = Time resting spent in this place.
 E = Time spent auto-exploring this place.
 F = Levels seen in this place.
 G = Mean time per level.
                   A        B        C        D        E       F      G
               +--------+--------+--------+--------+--------+-----+--------+
         Total |   1145 |   1123 |     22 |     53 |    919 |   2 |  572.5 |
       Dungeon |   1145 |   1123 |     22 |     53 |    919 |   2 |  572.5 |
               +--------+--------+--------+--------+--------+-----+--------+

Top non-repeatable levels by time:
     D:1: 759 daAuts
     D:2: 386 daAuts
